 Dungeon Crawl Stone Soup version 0.28-a0-317-g21599a725c (webtiles) character file.

Game seed: 15143109493769702506

100 AarnesTheHuman the Chiller (level 4, -8/33 HPs)
             Began as a Barachi Ice Elementalist on Sept 1, 2021.
             Mangled by a worm (9 damage)
             ... on level 2 of the Dungeon.
             The game lasted 00:05:29 (3177 turns).

AarnesTheHuman the Chiller (BaIE)                   Turns: 3177, Time: 00:05:29

Health: -8/33      AC:  9    Str: 10    XL:     4   Next: 74%
Magic:  1/8        EV: 12    Int: 16    God:
Gold:   71         SH:  0    Dex: 12    Spells: 2/9 levels left

rFire   . . .      SeeInvis .   n - +1 dagger (elec)
rCold   . . .      Faith    .   (no shield)
rNeg    . . .      Spirit   .   a - +0 robe
rPois   .          Reflect  .   (no helmet)
rElec   .          Harm     .   (no cloak)
rCorr   .          Rampage  .   b - +0 pair of gloves
Will    .....                   (no boots)
Stlth   ++........              j - amulet of the acrobat
HPRegen 0.11/turn               (no ring)
MPRegen 0.11/turn               (no ring)

@: ice-armoured, hasted, very quick
A: amphibious, slowness 1, strong legs 1, +LOS
a: Hop


You were on level 2 of the Dungeon.
You visited 1 branch of the dungeon, and saw 2 of its levels.

You collected 71 gold pieces.

Inventory:

Hand Weapons
 d - a +0 mace
 e - a +0 dagger
 m - a +4 club
 n - a +1 dagger of electrocution (weapon)
Missiles
 i - 105 stones (quivered)
Armour
 a - a +0 robe (worn)
 b - a +0 pair of gloves (worn)
Jewellery
 j - an amulet of the acrobat (around neck)
Scrolls
 c - a scroll of teleportation
 g - a scroll of vulnerability {unknown}
 h - 5 scrolls of identify {unknown}
 k - a scroll of amnesia {unknown}
 p - a scroll of immolation {unknown}
Potions
 f - a potion of haste
 l - a potion of mutation {unknown}
 o - a potion of curing {unknown}


   Skills:
 + Level 2.3 Fighting
 - Level 2.1 Dodging
 - Level 1.7 Stealth
 + Level 3.0 Spellcasting
 * Level 6.1 Ice Magic


You had 2 spell levels left.
You knew the following spells:

 Your Spells              Type           Power      Damage    Failure   Level
a - Freeze                Ice            88%        1d10      1%          1
b - Frozen Ramparts       Ice            44%        1d6       4%          3
c - Ozocubu's Armour      Ice            22%        N/A       4%          3

Your spell library contained the following spells:

 Spells                   Type           Power      Damage    Failure   Level
 Hailstorm                Conj/Ice       12%        3d5       45%         4
 Malign Gateway           Summ/Tloc      1%         N/A       100%        7
 Summon Horrible Things   Summ           1%         N/A       100%        8


Dungeon Overview and Level Annotations

Branches:
Dungeon (2/15)

Altars:

Annotations:
D:2 Sigmund


Innate Abilities, Weirdness & Mutations

You are amphibious.
You cover ground slowly.
You can hop short distances.
You have an extended range of vision and can be seen from far away.


Message History

Sigmund is lightly wounded.
Sigmund hits you with a +0 scythe!
* * * LOW HITPOINT WARNING * * *
It was a potion of haste.
You feel yourself speed up. The worm barely misses you.
Sigmund hits you with a +0 scythe.
* * * LOW HITPOINT WARNING * * *
Casting: Freeze (safe; 1% risk of failure)
Confirm with . or Enter, or press ? or * to list all spells.
A film of ice covers your body!
Casting: Ozocubu's Armour (dangerous; 4% risk of failure)
Confirm with . or Enter, or press ? or * to list all spells.
Aiming: Freeze (safe; 1% risk of failure)
Press: ? - help, Shift-Dir - straight line, f - Sigmund
Aim: Sigmund, wielding a +0 scythe and wearing a +0 robe (lightly wounded)
You freeze Sigmund.
Sigmund is moderately wounded.
Casting: Freeze (safe; 1% risk of failure)
Confirm with . or Enter, or press ? or * to list all spells.
Aiming: Freeze (safe; 1% risk of failure)
Press: ? - help, Shift-Dir - straight line, f/p - Sigmund
Aim: Sigmund, wielding a +0 scythe and wearing a +0 robe (moderately wounded)
You freeze Sigmund.
Sigmund is moderately wounded.
Sigmund barely misses you. The worm completely misses you.
Casting: Freeze (safe; 1% risk of failure)
Confirm with . or Enter, or press ? or * to list all spells.
Aiming: Freeze (safe; 1% risk of failure)
Press: ? - help, Shift-Dir - straight line, f/p - Sigmund
Aim: Sigmund, wielding a +0 scythe and wearing a +0 robe (moderately wounded)
You freeze Sigmund!
Sigmund is severely wounded.
Casting: Freeze (safe; 1% risk of failure)
Confirm with . or Enter, or press ? or * to list all spells.
Aiming: Freeze (safe; 1% risk of failure)
Press: ? - help, Shift-Dir - straight line, f/p - Sigmund
Aim: Sigmund, wielding a +0 scythe and wearing a +0 robe (severely wounded)
You freeze Sigmund.
Sigmund is severely wounded.
Sigmund barely misses you. The worm bites you!
You die...

############ #.... #..........#
#.... #..........# #....
#..........# #....
####..........# #....
..............####### #....
.####.#####.........#########....
...............w.......)....†...>
...............@@...########.....
.#..#.#####.........# #.....
.#..#.# #.........# #.###'
.##.#.# ########.## #.# #.
...<#.# #.## #.# #. #####.# #..#
#.# #. ##.## #.# #. #..# #.# #.
##.## #.# #.


You could see Sigmund and a worm.

Vanquished Creatures
  Jessica (D:2)
  Robin (D:2)
  2 adders (D:2)
  4 ball pythons
  2 bats (D:2)
  4 endoplasms (D:1)
  2 giant cockroaches
  15 goblins
  3 hobgoblins
  4 jackals (D:2)
  A frilled lizard (D:1)
  A kobold (D:1)
40 creatures vanquished.

Notes
Turn   | Place    | Note
-------+----------+-------------------------------------------
     0 | D:1      | AarnesTheHuman the Barachi Ice Elementalist began the quest
                  | for the Orb.
     0 | D:1      | Reached XP level 1. HP: 13/13 MP: 3/3
   448 | D:1      | Reached skill level 5 in Ice Magic
   516 | D:1      | Reached XP level 2. HP: 16/20 MP: 0/5
   884 | D:1      | Reached skill level 1 in Fighting
  1916 | D:2      | Reached XP level 3. HP: 23/26 MP: 6/6
  2052 | D:2      | Noticed Jessica
  2120 | D:2      | Killed Jessica
  2121 | D:2      | Reached XP level 4. HP: 33/33 MP: 5/8
  2365 | D:2      | Noticed Robin
  2381 | D:2      | Reached skill level 6 in Ice Magic
  2386 | D:2      | Killed Robin
  2662 | D:1      | Learned a level 3 spell: Frozen Ramparts
  2666 | D:1      | Learned a level 3 spell: Ozocubu's Armour
  2982 | D:2      | Noticed Sigmund
  3172 | D:2      | HP: 1/33 [Sigmund (5)]
  3177 | D:2      | Mangled by a worm

Illustrated notes

Levels and vault maps discovered:
D:1:      minmay_arrival_jagged, layout_basic, kennysheep_minor_cross
D:2:      layout_basic, uniq_sigmund, uniq_jessica, uniq_robin

Skill      XL: |  1  2  3  4 |
---------------+-------------+-----
Ice Magic      | 5 6 |  6.1
Fighting       | 1 2 |  2.3
Spellcasting   | 3 |  3.0
Dodging        | |  2.1
Stealth        | |  1.7

Action                   |  1- 3 |  4- 6 || total
-------------------------+-------+-------++-------
Melee: Dagger            |    53 |    34 ||    87
       Mace              |     2 |       ||     2
 Cast: Freeze            |    29 |    25 ||    54
       Ozocubu's Armour  |       |     1 ||     1
 Abil: Hop               |       |     2 ||     2
  Use: Scroll            |       |     1 ||     1
       Potion            |       |     1 ||     1
 Stab: Sleeping          |     3 |     1 ||     4
Armor: Robe              |    26 |    13 ||    39
Dodge: Dodged            |    49 |    43 ||    92

Table legend: (Time is in decaauts)
 A = Elapsed time spent in this place.
 B = Non-inter-level travel time spent in this place.
 C = Inter-level travel time spent in this place.
 D = Time resting spent in this place.
 E = Time spent auto-exploring this place.
 F = Levels seen in this place.
 G = Mean time per level.
                   A        B        C        D        E       F      G
               +--------+--------+--------+--------+--------+-----+--------+
         Total |   3517 |   3062 |    455 |    357 |   2216 |   2 | 1758.5 |
       Dungeon |   3517 |   3062 |    455 |    357 |   2216 |   2 | 1758.5 |
               +--------+--------+--------+--------+--------+-----+--------+

Top non-repeatable levels by time:
     D:1: 2511 daAuts
     D:2: 1006 daAuts
